 Dungeon Crawl Stone Soup version 0.29.1-1-gd02db6906a (webtiles) character file.

Game seed: 3836211260830975544

79144 jimonade the Thaumaturge (level 16, -17/116 HPs)
             Began as a Djinni Fire Elementalist on Sept 21, 2022.
             Was the Champion of Makhleb.
             Demolished by an orc warrior
             ... wielding a +0 hand axe
             ... led by an orc warlord
              (21 damage)
             ... on level 1 of the Orcish Mines.
             The game lasted 01:42:25 (22576 turns).

jimonade the Thaumaturge (DjFE)                    Turns: 22576, Time: 01:42:26

Health: -17/116    AC:  2    Str: 15    XL:     16   Next: 10%
Gold:   1890       EV: 16    Int: 20    God:    Makhleb [******] SH: 22 Dex: 23

rFire   + + .      SeeInvis .   b - staff of cold
rCold   + . .      Faith    .   n - +2 tower shield {rC+}
rNeg    . . .      Spirit   .   N - +4 ring mail {Will+}
rPois   ∞          Reflect  .   e - +0 helmet
rElec   .          Harm     .   A - +1 cloak {Stlth+}
rCorr   .          Rampage  .   (no gloves)
Will    ++...                   (boots unavailable)
Stlth   +++.......              w - amulet of regeneration
HPRegen 1.09/turn               h - +6 ring of dexterity
MPRegen 0.00/turn               x - +6 ring of strength

@: about to teleport, corroded, flying
A: sickness immunity, fire resistance 2, cold vulnerability 1, float, innate
caster, HP casting, extra vitality 1
a: Renounce Religion, Minor Destruction, Lesser Servant of Makhleb, Major
Destruction, Greater Servant of Makhleb


You were on level 1 of the Orcish Mines.
You worshipped Makhleb.
Makhleb was exalted by your worship.
You visited 3 branches of the dungeon, and saw 19 of its levels.
You also visited: Bailey, Ice Cave and Volcano.

You collected 1890 gold pieces.

Inventory:

Hand Weapons
 a - a +3 vampiric glaive
Missiles
 C - 2 throwing nets
Armour
 d - the +0 buckler "Hinlupahu" {Will+ MP+9}
   (You found it in an ice cave)

   MP:        It affects your magic capacity (+9).
   Will:      It increases your willpower.
 e - a +0 helmet (worn)
 n - a +2 tower shield of cold resistance (worn)
 t - a +2 robe of resistance
 A - a +1 cloak of stealth (worn)
 B - +0 acid dragon scales
 E - a +2 robe of cold resistance
 L - the +1 scale mail "Wamuumeh" {rF+ rC+}
   (You found it in a bailey)

   rF:        It protects you from fire.
   rC:        It protects you from cold.
 N - a +4 ring mail of willpower (worn)
 P - a +2 robe of the Archmagi
Magical Staves
 b - a staff of cold (weapon)
 H - a staff of air
Jewellery
 h - a +6 ring of dexterity (left hand)
 w - an amulet of regeneration (around neck)
 x - a +6 ring of strength (right hand)
 K - a ring of fire
Wands
 r - a wand of digging (5)
 v - a wand of roots (20)
 D - a wand of paralysis (14)
 J - a wand of mindburst (4)
 R - a wand of flame (27)
 S - a wand of quicksilver (8)
 U - a wand of polymorph (6)
Scrolls
 c - 3 scrolls of teleportation
 g - 4 scrolls of enchant armour
 j - 5 scrolls of fear
 q - 12 scrolls of identify
 y - a scroll of brand weapon {unknown}
 I - a scroll of amnesia {unknown}
 Q - a scroll of magic mapping
 T - 4 scrolls of enchant weapon
 V - a scroll of summoning
 Z - 5 scrolls of blinking
Potions
 f - 14 potions of curing
 i - 6 potions of attraction
 k - 5 potions of haste
 l - 7 potions of brilliance
 m - a potion of ambrosia
 o - 2 potions of flight {unknown}
 p - 3 potions of magic {unknown}
 s - 3 potions of resistance
 z - 3 potions of lignification
 F - 6 potions of mutation
 M - 6 potions of might
 O - a potion of heal wounds {unknown}
 W - 2 potions of berserk rage
 Y - 4 potions of cancellation {unknown}
Miscellaneous
 u - a lightning rod (4/4)
 G - a box of beasts


   Skills:
 + Level 11.2 Fighting
 * Level 8.9 Armour
 + Level 10.6 Dodging
 - Level 1.5 Stealth
 * Level 12.6 Shields
 - Level 13.1 Spellcasting
 * Level 6.9 Evocations


You had 3 spell levels left.
You knew the following spells:

 Your Spells              Type           Power      Damage    Failure   Level
a - Foxfire               Conj/Fire      100%       2x1d9     1%          1
b - Scorch                Fire           100%       2d10      1%          2
c - Conjure Flame         Conj/Fire      60%        6-21      1%          3
d - Inner Flame           Hex/Fire       60%        N/A       1%          3
e - Flame Wave            Conj/Fire      60%        2d14      1%          4
f - Apportation           Tloc           100%       N/A       1%          1
g - Wereblood             Tmut           60%        N/A       1%          2
h - Ozocubu's Armour      Ice            78%        N/A       1%          3
i - Hailstorm             Conj/Ice       78%        3d16      1%          4
j - Petrify               Tmut/Erth      60%        N/A       1%          4
k - Borgnjor's Vile Clut  Necr/Erth      30%        N/A       5%          5
l - Summon Cactus Giant   Summ           30%        N/A       30%         6
Your spell library was empty.

Dungeon Overview and Level Annotations

Branches:
Dungeon (13/15)            Temple (0/1) D:5            Lair (5/5) D:10
  Swamp (0/4) Lair:2       Spider (0/4) Lair:3        Slime (0/5) Lair:5
    Orc (1/2) D:9          Vaults (0/5) D:13         Bailey (visited)
  IceCv (visited)         Volcano (visited)

Altars:
Cheibriados
Dithmenos
Elyvilon
Makhleb
Qazlal
The Shining One
Jiyva

Shops:
D:13 *


Innate Abilities, Weirdness & Mutations

You are immune to sickness and miasma.
You are immune to poison.
Your flesh is very heat resistant. (rF++)
You are vulnerable to cold. (rC-)
You float through the air rather than walking.
You learn spells naturally, not from books.
Your magical power is your life essence.
You have superior vitality. (+4 MHP)


Message History

The flame wave engulfs the orc warrior!!
You kill the orc warrior!
Makhleb accepts your kill.
You feel better.
The flame wave engulfs the orc sorcerer!
You kill the orc sorcerer!
Makhleb accepts your kill.
You feel better.
The rust devil disappears in a puff of smoke!
The sun demon disappears in a puff of smoke!
The flame wave engulfs the two-headed ogre!!
The two-headed ogre is severely wounded.
The flame wave engulfs the orc warlord.
The orc warlord resists.
The orc warlord is lightly wounded.
The flame wave engulfs something!!
Makhleb accepts your kill.
Reactivating autopickup.
You feel a bit more experienced.
The flame wave engulfs the orc warrior!
You kill the orc warrior!
Makhleb accepts your kill.
You feel better.
The flame wave engulfs the ogre!
The ogre is heavily wounded.
The flame wave engulfs the ogre!
The ogre is almost dead.
The flame wave engulfs the orc warrior!!
You kill the orc warrior!
Makhleb accepts your kill.
You feel better.
The flame wave engulfs the orc!
You kill the orc!
Makhleb accepts your kill.
You finish channelling waves of flame.
The orc warrior hits you with a +0 hand axe!!
* * * LOW HITPOINT WARNING * * *
As you read the scroll of teleportation, it crumbles to dust.
You feel strangely unstable.
The two-headed ogre hits you with a +0 giant club!!
* * * LOW HITPOINT WARNING * * *
You block the two-headed ogre's attack.
The orc warrior hits you with a +0 hand axe!!
You die...

.......## ##
#.......# #.#
## ....o..##...
... §§.O...$...
.... )§))).....
....§ ○o☼))....
......#o§).....
#o@O..C...
#..OO))....
#....).).....
#............#
##....#$......
#...# #......
##.# ##.... ##
....


You could see an orc warlord, an orc knight (strong), a two-headed ogre, a
cyclops, 2 orc warriors and 3 ogres.

Vanquished Creatures
  Kirke (D:13)
  A frost giant (IceCv)
  A fire dragon (Lair:5)
  2 hydras
  4 vault guards (D:13)
  3 ogre magi
  A boulder beetle (D:12)
  2 centaur warriors (D:13)
  6 two-headed ogres
  A death knight (D:13)
  13 death yaks
  2 tengu warriors (D:13)
  Urug (D:12)
  A bog body (Lair:2)
  2 lindwurms (Lair:5)
  An orc knight (D:13)
  A deep elf pyromancer (D:12)
  An orc sorcerer (Orc:1)
  2 ugly things (D:13)
  A manticore (D:13)
  2 ice statues
  A cyclops (D:12)
  8 elephants (Lair:4)
  2 black mambas
  6 torpor snails
  5 gargoyles
  2 molten gargoyles (Volcano)
  6 cane toads
  6 rime drakes
  An efreet (Volcano)
  A freezing wraith (D:9)
  14 komodo dragons
  An unseen horror (D:12)
  2 ice devils (Lair:3)
  A troll (D:12)
  9 polar bears (IceCv)
  A polar bear (shapeshifter) (D:13)
  Grinder (D:5)
  3 tyrant leeches (Lair:5)
  13 hornets
  27 blink frogs
  5 slime creatures (D:13)
  2 shadows
  5 wyverns
  2 vampires
  6 hogs (D:13)
  63 yaks
  A basilisk (Lair:1)
  2 fire bats (Volcano)
  2 wraiths
  A steam dragon (D:9)
  2 acid dragons
  14 water moccasins
  Duvessa (D:7)
  An ice beast (D:7)
  A black bear (D:4)
  10 orc warriors
  3 ogres
  A sky beast (D:7)
  26 wolves
  5 centaurs
  5 phantoms
  2 kobold brigands (D:8)
  A gnoll sergeant (D:9)
  9 bullfrogs
  2 necrophages
  6 scorpions
  3 earth elementals (Volcano)
  Dowan (D:7)
  4 wights (D:7)
  14 killer bees
  9 vampire bats (Bailey)
  2 howler monkeys
  8 wolf zombies (Bailey)
  6 lava snakes (Volcano)
  A jelly (D:6)
  8 orc priests
  3 hounds (D:5)
  10 orc wizards
  5 iguanas
  13 gnolls
  4 adders
  A howler monkey simulacrum (D:9)
  4 ufetubi
  3 worms
  3 dart slugs
  62 orcs
  6 bats
  9 endoplasms
  5 giant cockroaches
  9 hobgoblins
  2 jackals (D:1)
  6 quokkas
  8 ball pythons
  3 frilled lizards
  14 goblins
  19 kobolds
  18 orc zombies (Bailey)
  7 rats
  A bush (Lair:4)
608 creatures vanquished.

Vanquished Creatures (collateral kills)
  The ghost of Wemim the Grappler, a journeyman TrFi of Wu Jian (Lair:3)
  2 elephants (Lair:4)
3 creatures vanquished.

Vanquished Creatures (others)
  A stone giant (Volcano)
  591 foxfires
  39 fungi
  59 plants
690 creatures vanquished.

Grand Total: 1301 creatures vanquished

Notes
Turn   | Place    | Note
-------+----------+-------------------------------------------
     0 | D:1      | jimonade the Djinni Fire Elementalist began the quest for
                  | the Orb.
     0 | D:1      | jimonade set off with the following spells memorised:
                  | Foxfire, Scorch, Conjure Flame, Inner Flame, Flame Wave.
     0 | D:1      | Reached XP level 1. HP: 15/15 MP: 0/0
   259 | D:1      | Reached XP level 2. HP: 20/21 MP: 0/0
   350 | D:1      | Reached skill level 3 in Spellcasting
   672 | D:1      | Reached XP level 3. HP: 23/25 MP: 0/0
   672 | D:1      | Learned a level 1 spell: Apportation
   859 | D:1      | Found a snail-covered altar of Cheibriados.
  1656 | D:1      | Found a faded altar of an unknown god.
  1732 | D:2      | Reached XP level 4. HP: 25/31 MP: 0/0
  3148 | D:3      | Reached skill level 4 in Spellcasting
  3493 | D:4      | Found a burning altar of Makhleb.
  3493 | D:4      | Found a glowing golden altar of the Shining One.
  3575 | D:4      | Reached XP level 5. HP: 31/35 MP: 0/0
  3575 | D:4      | Learned a level 2 spell: Wereblood
  3575 | D:4      | Noticed a phantom
  3582 | D:4      | Killed a phantom
  3583 | D:4      | Reached XP level 6. HP: 14/40 MP: 0/0
  3911 | D:4      | Reached skill level 5 in Spellcasting
  3918 | D:4      | Noticed an ogre
  3921 | D:4      | Killed an ogre
  4269 | D:4      | Noticed a black bear
  4274 | D:4      | Killed a black bear
  4275 | D:4      | Reached XP level 7. HP: 37/45 MP: 0/0
  4275 | D:4      | Learned a level 3 spell: Ozocubu's Armour
  4276 | D:4      | Found a shadowy altar of Dithmenos.
  4505 | D:4      | Reached skill level 6 in Spellcasting
  4799 | D:4      | Found a stormy altar of Qazlal.
  4805 | D:4      | Found a white marble altar of Elyvilon.
  4812 | D:4      | Became a worshipper of Makhleb the Destroyer
  4842 | D:5      | Entered Level 5 of the Dungeon
  4905 | D:4      | Reached XP level 8. HP: 27/50 MP: 0/0
  5072 | D:5      | Reached skill level 7 in Spellcasting
  5277 | D:5      | Noticed Grinder
  5285 | D:5      | Killed Grinder
  5333 | D:5      | Reached skill level 8 in Spellcasting
  5554 | D:5      | Reached * piety under Makhleb
  5679 | D:5      | Found a staircase to the Ecumenical Temple.
  5691 | D:5      | Reached XP level 9. HP: 52/55 MP: 0/0
  5691 | D:5      | Learned a level 4 spell: Hailstorm
  6312 | D:6      | Reached skill level 9 in Spellcasting
  7176 | D:7      | Found a flagged portal.
  7197 | Bailey   | Entered a bailey
  7322 | Bailey   | Reached ** piety under Makhleb
  7390 | Bailey   | Reached skill level 10 in Spellcasting
  7588 | Bailey   | Noticed a gargoyle
  7653 | Bailey   | Reached XP level 10. HP: 56/60 MP: 0/0
  7676 | Bailey   | Identified the +1 leather armour of Caovvesh {rF++ Str-4}
  7703 | Bailey   | Killed a gargoyle
  8024 | Bailey   | Identified the +1 scale mail "Wamuumeh" {rF+ rC+}
  8196 | D:7      | Reached skill level 1 in Fighting
  8196 | D:7      | Reached skill level 11 in Spellcasting
  8215 | D:7      | Reached skill level 1 in Armour
  8264 | D:7      | Noticed Duvessa
  8281 | D:7      | Noticed Dowan
  8288 | D:7      | Killed Dowan
  8297 | D:7      | Reached *** piety under Makhleb
  8297 | D:7      | Killed Duvessa
  9596 | D:9      | Reached **** piety under Makhleb
  9785 | D:9      | Reached XP level 11. HP: 59/71 MP: 0/0
  9785 | D:9      | Learned a level 4 spell: Petrify
 10076 | D:9      | Reached skill level 5 in Armour
 10242 | D:9      | Found a staircase to the Orcish Mines.
 10509 | D:10     | Entered Level 10 of the Dungeon
 10560 | D:10     | Reached skill level 5 in Fighting
 10751 | D:10     | Reached skill level 5 in Dodging
 10880 | D:10     | Noticed a two-headed ogre
 10888 | D:10     | Killed a two-headed ogre
 11029 | D:10     | Found a staircase to the Lair.
 11348 | D:11     | Noticed a two-headed ogre
 11358 | D:11     | Killed a two-headed ogre
 11720 | D:11     | Identified the +6 mace "Killer Klown's Curse" {vamp, rC+
                  | Will- Dex+4 Stlth+}
 12048 | Lair:1   | Entered Level 1 of the Lair of Beasts
 12063 | Lair:1   | Reached XP level 12. HP: 83/85 MP: 0/0
 12141 | Lair:1   | Reached ***** piety under Makhleb
 12843 | Lair:2   | Found a staircase to the Swamp.
 12859 | Lair:2   | Reached skill level 10 in Fighting
 12972 | Lair:2   | Found a dark tunnel.
 12979 | Volcano  | Entered a volcano
 13238 | Volcano  | Found a burning altar of Makhleb.
 13241 | Volcano  | Reached XP level 13. HP: 94/96 MP: 0/0
 13241 | Volcano  | Learned a level 5 spell: Borgnjor's Vile Clutch
 13250 | Volcano  | Reached skill level 10 in Dodging
 13351 | Volcano  | Noticed a stone giant
 14041 | Volcano  | Killed a stone giant
 14140 | Volcano  | Found a burning altar of Makhleb.
 14487 | Lair:2   | Reached skill level 12 in Spellcasting
 15188 | Lair:3   | Found a frozen archway.
 15197 | IceCv    | Entered an ice cave
 15251 | IceCv    | Identified the +0 buckler "Hinlupahu" {Will+ MP+9}
 15293 | IceCv    | Reached skill level 1 in Shields
 16437 | IceCv    | Reached skill level 5 in Shields
 16507 | IceCv    | Reached XP level 14. HP: 105/105 MP: 0/0
 16588 | IceCv    | Noticed a frost giant
 16632 | IceCv    | Killed a frost giant
 17040 | Lair:3   | You are sucked into a shaft and drop 2 floors!
 17040 | Lair:5   | Entered Level 5 of the Lair of Beasts
 17193 | Lair:5   | Reached skill level 10 in Shields
 17205 | Lair:5   | Reached ****** piety under Makhleb
 17418 | Lair:5   | Found a staircase to the Slime Pits.
 17419 | Lair:5   | Found a viscous altar of Jiyva.
 17487 | Lair:5   | Found a runed translucent door.
 18592 | Lair:4   | Reached XP level 15. HP: 94/110 MP: 0/0
 18592 | Lair:4   | Learned a level 6 spell: Summon Cactus Giant
 18845 | Lair:4   | Reached skill level 1 in Evocations
 19011 | Lair:4   | Reached skill level 13 in Spellcasting
 19287 | Lair:3   | Found a hole to the Spider Nest.
 19402 | Lair:3   | Found a runed translucent gate.
 19402 | Lair:3   | Found a runed translucent gate.
 19402 | Lair:3   | Found a runed translucent gate.
 19402 | Lair:3   | Noticed Wemim's ghost (journeyman TrFi)
 19558 | Lair:3   | Identified the +7 dagger of the Special Ziggurats {venom,
                  | rPois Str+3 Dex+4}
 19925 | Lair:3   | Killed Wemim's ghost
 20469 | D:12     | Noticed Urug
 20484 | D:12     | Killed Urug
 21340 | D:13     | Reached skill level 5 in Evocations
 21373 | D:13     | Noticed Kirke
 21380 | D:13     | Killed Kirke
 22032 | D:13     | Found Xixogg's General Store.
 22367 | D:13     | Found a gate to the Vaults.
 22561 | Orc:1    | Entered Level 1 of the Orcish Mines
 22563 | Orc:1    | Noticed an orc warlord
 22567 | Orc:1    | Reached XP level 16. HP: 109/116 MP: 0/0
 22576 | Orc:1    | HP: 4/116 [two-headed ogre/+0 giant club (22)]
 22576 | Orc:1    | Demolished by an orc warrior

Illustrated notes

Levels and vault maps discovered:
D:1:      roderic_dead_forest, layout_loops_ring,
          shapermc_ecumenical_altar_hornbeckon, minmay_hexomino_r4
D:2:      layout_basic, minmay_misc_feat_diagonals, dreamdust_mushroom_princess
D:3:      layout_rooms
D:4:      minmay_diamond_boxcup, layout_loops_ring, minitemple,
          grunt_dithmenos_smoke, nicolae_ossuary_entry_ruins
D:5:      layout_basic, minmay_temple_entry_water_ring, st_stairs_10,
          uniq_grinder
D:6:      layout_basic
D:7:      layout_cave_pools, enter_bailey_5, uniq_duvessa
D:8:      layout_rooms
D:9:      layout_loops_ring, hiddenorc1_lemuel, minmay_checkerbox
D:10:     lemuel_ice_statue, layout_long_grid, david_lair_shrubbed,
          hangedman_decor_riveting
D:11:     layout_roguey
D:12:     layout_loops_ring, uniq_urug
D:13:     layout_basic, grunt_vaults_entry_fortified, serial_shops, shop,
          grunt_ministairs_9, uniq_kirke
Lair:1:   layout_small_grid, lemuel_fruit_tree
Lair:2:   layout_loops_ring, skrybe_swamp_entry_bodies,
          nicolae_volcano_entry_s_turn, infiniplex_staircase_pool_2
Lair:3:   layout_cave_pods, spider_nest_entry_web_field,
          portal_ice_cave_demonic_guard, ebering_ghost_rock_garden
Lair:4:   layout_layer_cave
Lair:5:   wormcave, layout_gridlike, slime_entry_1, dreamdust_wasp_nest
Orc:1:    layout_caves

Skill      XL: |  1  2  3  4  5  6  7  8  9 10 11 12 13 14 15 |
---------------+----------------------------------------------+-----
Spellcasting   | 3 4 5 6 8 10 11 12 13 | 13.1
Fighting       | 3 7 10 11 | 11.2
Armour         | 4 5 8 |  8.9
Dodging        | 3 7 9 10 | 10.6
Shields        | 6 12 | 12.6
Evocations     | 6 |  6.9
Stealth        | |  1.5

Action                   |  1- 3 |  4- 6 |  7- 9 | 10-12 | 13-15 | 16-18 || total
-------------------------+-------+-------+-------+-------+-------+-------++-------
Melee: Spear             |     1 |       |    35 |       |       |       ||    36
       Glaive            |       |       |       |    10 |       |       ||    10
       Staff             |       |       |       |       |     2 |       ||     2
 Fire: Sling             |       |     5 |     1 |       |       |       ||     6
 Cast: Foxfire           |    22 |       |   133 |   133 |    81 |       ||   369
       Scorch            |    24 |    67 |    89 |   146 |    70 |       ||   396
       Inner Flame       |       |       |    31 |    88 |   176 |       ||   295
       Conjure Flame     |       |       |     3 |     7 |     5 |       ||    15
       Flame Wave        |       |       |       |     9 |     4 |     2 ||    15
       Hailstorm         |       |       |       |    12 |    23 |       ||    35
       Petrify           |       |       |       |     2 |     2 |       ||     4
       Borgnjor's Vile C |       |       |       |       |   262 |       ||   262
       Summon Cactus Gia |       |       |       |       |     4 |       ||     4
Evoke: Wand              |       |       |       |       |     6 |       ||     6
  Use: Scroll            |       |     5 |     4 |    12 |     5 |     1 ||    27
       Potion            |       |       |       |       |     1 |       ||     1
Armor: Robe              |     3 |     2 |    25 |    21 |     5 |       ||    56
       Leather armour    |       |       |     2 |       |       |       ||     2
       Skin              |       |       |       |    10 |       |       ||    10
       Ring mail         |       |       |       |       |    16 |     2 ||    18
Dodge: Dodged            |     7 |    11 |    74 |    91 |    61 |     9 ||   253
Block: Buckler           |       |       |       |       |    11 |       ||    11
       Tower shield      |       |       |       |       |    41 |    18 ||    59
